Map: Golden Wall LE

Players

Powerfoe - Winner!

  • Race: Protoss Protoss
  • League: Master
  • Spawn Location: 7:00

A.I. 1 (Very Easy)

  • Race: Terran Terran
  • Spawn Location: 5:00

VOD

Have the link to the VOD?

Description

designate 9 zealots into their base

Time

  • Played on: Sept. 8, 2020, 10:36 p.m.
  • Length: 2:56
Show
View Real Time Build Order
Export as new Build Order

Powerfoe Protoss - Winner!

Build Orders:  

Get SALT Encoding   

  12  0:00  Probe (Chrono Boost)  
  13  0:09  Probe (Chrono Boost)  
  14  0:14  Probe (Chrono Boost)  
  15  0:31  Pylon  
  15  0:51  Gateway  
  15  0:53  Gateway  
  15  0:56  Gateway  
  15  1:07  Forge  
  15  1:21  Pylon  
  15  1:37  Zealot (Chrono Boost)  
  21  1:47  Zealot (Chrono Boost)  
  21  1:48  Photon Cannon, Zealot (Chrono Boost)  
  21  1:56  Zealot  
  23  2:07  Zealot (Chrono Boost)  
  25  2:15  Zealot (Chrono Boost)  
  27  2:17  Pylon  
  29  2:31  Zealot (Chrono Boost)  
  29  2:32  Zealot (Chrono Boost)  
Show
View Real Time Build Order
Export as new Build Order

A.I. 1 (Very Easy) Terran 

Build Orders:  

Get SALT Encoding   

  12  0:00  SCV  
  13  0:13  SCV  
  14  0:20  Supply Depot  
  14  0:37  Refinery  
  14  0:45  Barracks  
  14  1:02  Supply Depot  
  14  1:12  Refinery  
  14  1:33  Marine  
  14  1:35  Orbital Command  
  15  1:51  Barracks Tech Lab  
  15  2:00  SCV  
  16  2:12  SCV  
  17  2:19  Marine  
  17  2:24  SCV  
  17  2:36  SCV  
Tags
 
League
Master
Matchup
PvT
Spawn Locations
Close Positions
Add a new tag
Caveats
  • Supply blocks, unpowered buildings, or Contaminate may cause inaccurate times.
  • Supply counts are checked every 10 seconds.